 Dungeon Crawl Stone Soup version 0.31-a0-631-g285b096dc4 (webtiles) character file.

Game seed: 9494746010463610709

16 Arcadio the Grave Robber (level 2, -2/17 HPs)
             Began as an Octopode Necromancer on Aug 26, 2023.
             Slain by a worm (10 damage)
             ... on level 2 of the Dungeon.
             The game lasted 00:01:56 (625 turns).

Arcadio the Grave Robber (Octopode Necromancer)      Turns: 625, Time: 00:01:58

Health: -2/17      AC:  1    Str:  7    XL:     2   Next: 58%
Magic:  4/5        EV: 13    Int: 17    God:
Gold:   78         SH:  0    Dex: 12    Spells: 2/5 levels left

rFire   . . .        h - +2 dagger (drain)
rCold   . . .        (no shield)
rNeg    . . .        (helmet restricted)
rPois   .            (no amulet)
rElec   .            (no ring)
rCorr   .            (no ring)
SInv    .            (no ring)
Will    .....        (no ring)
Stlth   +++          (no ring)
HPRegen 0.22/turn    (no ring)
MPRegen 0.09/turn    (no ring)
                     (no ring)

%: no passive effects
@: very slightly contaminated
A: almost no armour, amphibious, 8 rings, camouflage 1, gelatinous body 1,
(nimble swimmer 1), tentacles
a: no special abilities


You were on level 2 of the Dungeon.
You visited 1 branch of the dungeon, and saw 2 of its levels.

You collected 78 gold pieces.

Inventory:

Hand Weapons
 e - a +0 dagger
 h - a +2 dagger of draining (weapon)
Jewellery
 b - an amulet of faith
 d - an amulet of magic regeneration
Scrolls
 c - a scroll of fear {unknown}
 i - a scroll of enchant weapon {unknown}
 j - a scroll of identify {unknown}
Potions
 a - a potion of magic
 f - a potion of curing {unknown}
 g - a potion of mutation {unknown}


   Skills:
 + Level 2.4 Dodging
 - Level 2.6 Stealth
 + Level 2.3 Spellcasting
 + Level 4.2 Necromancy


You had 2 spell levels left.
You knew the following spells:

 Your Spells              Type           Power      Damage    Failure   Level
a - Necrotise             Necr           64%        1d7       3%          1
b - Sublimation of Blood  Necr           16%        N/A       4%          2

Your spell library contained the following spells:

 Spells                   Type           Power      Damage    Failure   Level
 Vampiric Draining        Necr           16%        2d7       10%         3
 Animate Dead             Necr           16%        N/A       32%         4
 Agony                    Necr           16%        N/A       67%         5
 Petrify                  Tmut/Erth      1%         N/A       88%         4
 Irradiate                Conj/Tmut      0%         3d11      99%         5


Dungeon Overview and Level Annotations

Branches:
Dungeon (2/15) Zot: 11375

Altars:


Innate Abilities, Weirdness & Mutations

You cannot wear most types of armour.
You are amphibious.
You can wear up to eight rings at the same time.
Your skin changes colour to match your surroundings (Stealth+).
Your rubbery body absorbs attacks. (AC +1, EV +1)
((You are camouflaged when in or above water. (Stealth+)))
You have tentacles for arms and can constrict up to eight enemies at once.


Message History

The ball python hisses angrily.
The ball python misses you. The ball python barely misses you.
You hit the ball python.
You kill the ball python!
You see here a ball python corpse.
You see here a ball python corpse.
You see here a +0 leather armour.
You see here a +0 leather armour.
You see here a +0 ring mail.
Done exploring.
Done exploring.
There is a stone staircase leading down here.
You climb downwards.
There is a stone staircase leading up here.
A goblin is nearby!
The helpless goblin fails to defend itself.
You puncture the goblin!
You kill the goblin!
Things that are here:
a +0 dagger; a goblin corpse
Okay, then.
A ball python comes into view.
A worm comes into view.
The ball python misses you. x2
You hit the ball python. You drain the ball python.
You kill the ball python!
The worm bites you!
Ouch! That really hurt!
You hit the worm. You grab the worm.
The worm is moderately wounded.
You constrict the worm, but do no damage.
Cast which spell? (? or * to list)
Aiming: Necrotise (safe; 3% risk of failure)
Press: ? - help, Shift-Dir - straight line, f - worm
Aim: a worm (moderately wounded, constricted by you, chance to affect: 80%)
You miscast Necrotise.
You are very lightly contaminated with residual magic.
Nothing appears to happen.
You constrict the worm. The worm bites you!
Ouch! That really hurt!
You die...

#.......# .. #
##.##...(.......
#.#...##.###...
###
#............#..
#....(.#...##..
# ##.........# #
##.###...†###.
## #........#
#@...###.#
#....w........
#.#...##...####
#..# #...# #..
#...# #. #.... .
..#.. #. ....##


You could see a worm.

Vanquished Creatures
  A dart slug (D:1)
  3 ball pythons
  A bat (D:1)
  An endoplasm (D:1)
  A goblin (D:2)
  A hobgoblin (D:1)
  3 kobolds (D:1)
  2 rats (D:1)
13 creatures vanquished.

Notes
Turn   | Place    | Note
-------+----------+-------------------------------------------
     0 | D:1      | Arcadio the Octopode Necromancer began the quest for the
                  | Orb.
     0 | D:1      | Reached XP level 1. HP: 11/11 MP: 3/3
   135 | D:1      | Found a faded altar of an unknown god.
   271 | D:1      | Reached XP level 2. HP: 17/17 MP: 5/5
   459 | D:1      | Learned a level 2 spell: Sublimation of Blood
   625 | D:2      | Slain by a worm

Illustrated notes

Levels and vault maps discovered:
D:1:      minmay_arrival_loop, layout_loops_ring, ebering_ecumenical_altar_mist
D:2:      layout_loops_ring, cheibrodos_gnoll_hut

Action                     || total
---------------------------++-------
  Melee: Dagger            ||    16
         Unarmed           ||     5
         Constrict         ||     4
         Tentacles         ||     2
   Stab: Sleeping          ||     5
 Armour: Skin              ||     1
  Dodge: Dodged            ||    11

Table legend: (Time is in decaauts)
 A = Elapsed time spent in this place.
 B = Non-inter-level travel time spent in this place.
 C = Inter-level travel time spent in this place.
 D = Time resting spent in this place.
 E = Time spent auto-exploring this place.
 F = Levels seen in this place.
 G = Mean time per level.
                   A        B        C        D        E       F      G
               +--------+--------+--------+--------+--------+-----+--------+
         Total |    623 |    599 |     24 |      0 |    436 |   2 |  311.5 |
       Dungeon |    623 |    599 |     24 |      0 |    436 |   2 |  311.5 |
               +--------+--------+--------+--------+--------+-----+--------+

Top non-repeatable levels by time:
     D:1: 602 daAuts
     D:2: 21 daAuts
